 Dungeon Crawl Stone Soup version 0.29-a0-284-gf9362112df (webtiles) character file.

Game seed: 12911183498103458255

7961 sokol815 the Tainter (level 11, -39/67 HPs)
             Began as an Octopode Fire Elementalist on Mar 20, 2022.
             Was an Initiate of Gozag.
             Annihilated by an entropy weaver simulacrum (45 damage)
             ... in an ice cave.
             The game lasted 00:55:46 (14339 turns).

sokol815 the Tainter (Octopode Fire Elementalist)  Turns: 14339, Time: 00:55:47

Health: -39/67     AC:  9    Str:  7    XL:     11   Next: 23%
Magic:  16/17      EV: 13    Int: 22    God:    Gozag
Gold:   781        SH:  5    Dex: 13    Spells: 3/18 levels left

rFire   + . .      SeeInvis .   a - +2 dagger (elec)
rCold   x . .      Faith    .   (no shield)
rNeg    . . .      Spirit   .   (helmet restricted)
rPois   +          Reflect  +   n - amulet of reflection
rElec   .          Harm     .   f - ring of fire {rF+, rC-}
rCorr   .          Rampage  .   W - ring of willpower
Will    +....                   A - +4 ring of protection
Stlth   +++++.....              Q - +4 ring of slaying
HPRegen 0.21/turn               u - +4 ring of protection
MPRegen 0.15/turn               P - ring of poison resistance {rPois, !d}
                                (no ring)
                                (no ring)

@: no status effects
A: almost no armour, amphibious, 8 rings, camouflage 1, gelatinous body 1,
(nimble swimmer 1), tentacles
a: Renounce Religion, Potion Petition, Call Merchant, Bribe Branch


You were in an ice cave.
You worshipped Gozag.
Gozag was pleased with you.
You visited 2 branches of the dungeon, and saw 11 of its levels.
You also visited: Ice Cave.

You collected 1253 gold pieces.
You spent 324 gold pieces at shops.
You paid 148 gold pieces to Gozag.

Inventory:

Hand Weapons
 a - a +2 dagger of electrocution (weapon)
   (You took it off an orc wizard on level 7 of the Dungeon)
 b - a +5 dagger of freezing
   (You took it off a wight on level 9 of the Dungeon)
 e - a +2 morningstar of protection
   (You took it off a wight on level 8 of the Dungeon)
 g - a +2 short sword of venom
   (You took it off a kobold on level 4 of the Dungeon)
 o - a +3 dagger
   (You took it off an orc wizard on level 6 of the Dungeon)
 v - a +0 vampiric whip
   (You took it off a kobold on level 4 of the Dungeon)
 x - a +5 scimitar
   (You took it off a wight on level 9 of the Dungeon)
 y - a +2 trident
   (You took it off a wight on level 9 of the Dungeon)
Missiles
 c - 9 boomerangs
 h - 16 poisoned darts
 i - 2 datura-tipped darts
 m - a silver boomerang
 r - a boomerang of dispersal {=f}
 s - 254 stones
 w - 2 javelins
Armour
 k - a +2 buckler
   (You took it off a gnoll sergeant on level 5 of the Dungeon)
Jewellery
 f - a ring of fire (left tentacle) {rF+, rC-}
   (You found it on level 1 of the Dungeon)
 n - an amulet of reflection (around mantle)
   (You found it on level 6 of the Dungeon)
 u - a +4 ring of protection (on tentacle)
   (You found it on level 9 of the Dungeon)
 A - a +4 ring of protection (on tentacle)
   (You found it on level 4 of the Dungeon)
 P - a ring of poison resistance (on tentacle) {rPois, !d}
   (You bought it in a shop on level 5 of the Dungeon)
 Q - a +4 ring of slaying (on tentacle)
   (You found it on level 6 of the Dungeon)
 W - a ring of willpower (right tentacle)
   (You found it on level 3 of the Dungeon)
Wands
 d - a wand of digging (6)
   (You found it on level 7 of the Dungeon)
 q - a wand of flame (46)
   (You found it on level 2 of the Dungeon)
Scrolls
 j - 2 scrolls of fog
 p - 3 scrolls of amnesia
 t - 2 scrolls of identify {@r1}
 K - a scroll of immolation {!r}
 Y - a scroll of teleportation {@r3}
Potions
 l - 2 potions of attraction {!q}
 z - a potion of lignification {!q}
 B - 2 potions of brilliance
 G - a potion of ambrosia {!q}
 J - 8 potions of curing {@q1}
 M - a potion of magic
 N - 5 potions of heal wounds {@q2}
 T - 2 potions of berserk rage {!q}
 U - 2 potions of mutation {!q}


   Skills:
 - Level 3.5 Fighting
 - Level 4.5 Short Blades
 - Level 2.0 Dodging
 * Level 7.4 Stealth
 - Level 4.0 Spellcasting
 * Level 7.0 Conjurations
 - Level 2.0 Translocations
 + Level 8.0 Fire Magic
 - Level 6.0 Air Magic
 - Level 10.0 Poison Magic


You had 3 spell levels left.
You knew the following spells:

 Your Spells              Type           Power      Damage    Failure   Level
a - Foxfire               Conj/Fire      100%       2x1d9     1%          1
b - Flame Wave            Conj/Fire      54%        2d11      4%          4
c - Tukima's Dance        Hex            4%         N/A       32%         3
d - Conjure Flame         Conj/Fire      54%        6-21      1%          3
g - Apportation           Tloc           26%        N/A       4%          1
x - Mephitic Cloud        Conj/Pois/Air  38%        N/A       1%          3

Your spell library contained the following spells:

 Spells                   Type           Power      Damage    Failure   Level
 Magic Dart               Conj           100%       1d8       1%          1
 Scorch                   Fire           100%       2d10      1%          2
 Searing Ray              Conj           70%        2d7       1%          2
 Ignite Poison            Fire/Tmut/Pois 46%        N/A       2%          3
 Corpse Rot               Necr/Air       34%        N/A       4%          2
 Inner Flame              Hex/Fire       33%        N/A       6%          3
 Animate Skeleton         Necr           8%         N/A       11%         1
 Pain                     Necr           16%        1d4       11%         1
 Summon Small Mammal      Summ           16%        N/A       11%         1
 Fulminant Prism          Conj/Hex       9%         3d7       26%         4
 Passage of Golubria      Tloc           13%        N/A       43%         4
 Freezing Cloud           Conj/Ice/Air   11%        6-21      45%         5
 Dispel Undead            Necr           4%         3d7       73%         4
 Agony                    Necr           4%         N/A       97%         5
 Excruciating Wounds      Necr           2%         N/A       97%         5
 Yara's Violent Unravell  Hex/Tmut       2%         3d3       97%         5
 Death Channel            Necr           2%         N/A       100%        6


Dungeon Overview and Level Annotations

Branches:
Dungeon (10/15)            Temple (0/1) D:7            Lair (1/6) D:8
    Orc (0/2) D:9           IceCv (1/1)

Altars:
Dithmenos
Gozag
Hepliaklqana
Makhleb
Nemelex Xobeh
Okawaru
Ru
Wu Jian
Xom
Yredelemnul

Shops:
D:4 *   D:5 =

Annotations:
Lair:1 exclusion: cane toad


Innate Abilities, Weirdness & Mutations

You cannot wear most types of armour.
You are amphibious.
You can wear up to eight rings at the same time.
Your skin changes colour to match your surroundings (Stealth+).
Your rubbery body absorbs attacks. (AC +1, EV +1)
((You are camouflaged when in or above water. (Stealth+)))
You have tentacles for arms and can constrict up to eight enemies at once.


Message History

You can't see any susceptible monsters within range! (Use Z to cast anyway.) Unknown command.
You feel a surge of power!
The fire begins to smoulder!
You now have 14/17 mp.
The fire ignites!
You completely miss the elephant simulacrum.
The elephant simulacrum is engulfed in blazing flames.
The elephant simulacrum completely misses you.
The elephant simulacrum closely misses you.
You hit the elephant simulacrum but do no damage.
Lightning courses through the elephant simulacrum!
A polar bear simulacrum is nearby!
Throw: 254 stones
Aim: a polar bear simulacrum (dormant, 98% to hit)
You throw a stone.
The stone hits the polar bear simulacrum but does no damage.
You feel a surge of power!
You conjure some foxfire!
The foxfire hits the polar bear simulacrum!
The polar bear simulacrum melts!
The foxfire hits the polar bear simulacrum.
The polar bear simulacrum melts!
You feel a surge of power!
You conjure some foxfire!
You now have 13/17 mp.
The foxfire hits the polar bear simulacrum.
The polar bear simulacrum melts!
The foxfire hits the polar bear simulacrum.
The polar bear simulacrum melts!
You hear a sizzling sound!
Search for what [Enter for "jewel", or ? for help]? rC+ Unknown command.
You see here 3 gold pieces.
A death yak simulacrum comes into view.
You see here 4 gold pieces.
You feel a surge of power!
The fire begins to smoulder!
You now have 12/17 mp.
The fire ignites!
You now have 763 gold pieces (gained 3).
You completely miss the death yak simulacrum.
You squeeze the death yak simulacrum!
You completely miss the death yak simulacrum.
The death yak simulacrum is engulfed in blazing flames.
The death yak simulacrum completely misses you.
You hit the death yak simulacrum.
The death yak simulacrum is engulfed in blazing flames.
You hit the death yak simulacrum.
Lightning courses through the death yak simulacrum!!
You squeeze the death yak simulacrum.
The death yak simulacrum is engulfed in blazing flames.
The death yak simulacrum barely misses you.
You hit the death yak simulacrum.
Lightning courses through the death yak simulacrum!
Your Conjurations skill increases to level 7!
s - 254 stones (gained 1)
l - 2 potions of attraction {!q} (gained 1)
You hear the faint crackling of a melting archway.
You now have 781 gold pieces (gained 18).
There is a frozen archway here.
The world spins around you as you enter the gateway.
You enter an ice cave!
Found an ice covered gate leading back out of this place.
There is an ice choked empty arch of ancient stone here.
You start resting.
MP restored: 17 An entropy weaver simulacrum comes into view.
You feel a surge of power!
You conjure some foxfire!
You now have 16/17 mp.
The foxfire hits the entropy weaver simulacrum.
The entropy weaver simulacrum melts!
You feel a surge of power!
You conjure some foxfire!
The foxfire hits the entropy weaver simulacrum!
The entropy weaver simulacrum melts!
You now have 15/17 mp.
The foxfire hits the entropy weaver simulacrum.
The entropy weaver simulacrum melts!
The foxfire hits the entropy weaver simulacrum!
The entropy weaver simulacrum melts!
You hit the entropy weaver simulacrum but do no damage.
You grab the entropy weaver simulacrum.
You constrict the entropy weaver simulacrum.
You barely miss the entropy weaver simulacrum.
You constrict the entropy weaver simulacrum, but do no damage.
The entropy weaver simulacrum hits you but does no damage.
The entropy weaver simulacrum barely misses you.
The entropy weaver simulacrum hits you.
The entropy weaver simulacrum freezes you!!!
You feel a terrible chill!
Ouch! That really hurt!
* * * LOW HITPOINT WARNING * * *
The entropy weaver simulacrum hits you but does no damage.
You take 60 damage, and have 7/67 hp.
MASSIVE DAMAGE!!
You hit the entropy weaver simulacrum.
You constrict the entropy weaver simulacrum.
The entropy weaver simulacrum hits you.
* * * LOW HITPOINT WARNING * * *
The entropy weaver simulacrum freezes you!!!
You feel a terrible chill!
Ouch! That really hurt!
You die...
Your body crumbles into a pile of gold.

..# #..
#.. ..#
#.. #..
###
#Z####.##
#.@##...#
#.....∩∩#
#..##...#
#.####.##
#.. ###
#.. #.# $
.. #.


You could see an entropy weaver simulacrum.

Vanquished Creatures
  2 two-headed ogres
  A cane toad (Lair:1)
  A komodo dragon (D:8)
  2 hornets
  2 shadows
  A wyvern (D:7)
  10 yaks
  A basilisk (D:9)
  2 death yak simulacra (Lair:1)
  2 steam dragons
  A water moccasin (D:7)
  A black bear (D:6)
  2 orc warriors
  An ice beast (D:5)
  A sky beast (D:7)
  2 centaurs
  An ogre (D:5)
  3 phantoms (D:7)
  A kobold brigand (D:5)
  A bullfrog (D:8)
  2 scorpions
  A necrophage (D:6)
  A gnoll sergeant (D:5)
  15 wights
  An elephant simulacrum (Lair:1)
  3 howler monkeys
  3 hounds
  3 jellies
  4 orc priests
  3 gnoll shamans
  2 iguanas
  9 orc wizards
  A polar bear simulacrum (Lair:1)
  15 gnolls
  6 adders
  4 white imps
  3 ufetubi
  A worm (D:2)
  3 dart slugs
  33 orcs
  A bat (D:1)
  10 endoplasms
  3 giant cockroaches
  7 goblins
  8 hobgoblins
  4 quokkas
  9 ball pythons
  4 frilled lizards
  10 kobolds
  9 rats
216 creatures vanquished.

Vanquished Creatures (collateral kills)
  A foxfire (D:2)
1 creature vanquished.

Vanquished Creatures (others)
  675 foxfires
  16 fungi (D:9)
  40 plants
731 creatures vanquished.

Grand Total: 948 creatures vanquished

Notes
Turn   | Place    | Note
-------+----------+-------------------------------------------
     0 | D:1      | sokol815 the Octopode Fire Elementalist began the quest for
                  | the Orb.
     0 | D:1      | Reached XP level 1. HP: 11/11 MP: 3/3
   238 | D:1      | Reached skill level 2 in Conjurations
   238 | D:1      | Reached XP level 2. HP: 17/17 MP: 1/5
   905 | D:2      | Reached skill level 3 in Conjurations
   905 | D:2      | Reached XP level 3. HP: 19/21 MP: 2/6
  1088 | D:2      | Reached skill level 3 in Stealth
  1556 | D:2      | Found a shimmering altar of Xom.
  1692 | D:2      | Learned a level 3 spell: Mephitic Cloud
  1724 | D:2      | Reached XP level 4. HP: 27/27 MP: 3/7
  2632 | D:3      | Reached skill level 4 in Stealth
  3060 | D:4      | Found Jemi's General Store.
  3109 | D:4      | Bought 3 scrolls of identify for 84 gold pieces
  3171 | D:4      | Reached skill level 1 in Poison Magic
  3319 | D:4      | Found a burning altar of Makhleb.
  3320 | D:4      | Found a shadowy altar of Dithmenos.
  3418 | D:4      | Reached XP level 5. HP: 31/31 MP: 8/8
  3760 | D:4      | Reached skill level 1 in Air Magic
  3825 | D:4      | Reached skill level 2 in Poison Magic
  4269 | D:5      | Entered Level 5 of the Dungeon
  4275 | D:5      | Reached XP level 6. HP: 36/36 MP: 4/9
  4285 | D:5      | Reached skill level 5 in Stealth
  4285 | D:5      | Reached skill level 2 in Air Magic
  4546 | D:5      | Found Mifitig's Jewellery Boutique.
  4593 | D:5      | Reached skill level 3 in Poison Magic
  4674 | D:5      | Noticed an ice beast
  4889 | D:5      | Reached XP level 7. HP: 41/41 MP: 5/10
  5236 | D:5      | Reached skill level 3 in Air Magic
  5462 | D:5      | Learned a level 4 spell: Flame Wave
  5669 | D:5      | Reached skill level 6 in Stealth
  5669 | D:5      | Reached skill level 4 in Conjurations
  5726 | D:5      | Reached skill level 4 in Fire Magic
  5748 | D:5      | Found an iron altar of Okawaru.
  5814 | D:5      | Reached skill level 1 in Fighting
  5814 | D:5      | Reached skill level 1 in Short Blades
  5814 | D:5      | Reached skill level 4 in Poison Magic
  6707 | D:6      | Reached XP level 8. HP: 41/48 MP: 4/11
  6774 | D:6      | Reached skill level 2 in Fighting
  6774 | D:6      | Reached skill level 2 in Short Blades
  6877 | D:6      | Found a shimmering altar of Xom.
  7296 | D:6      | Reached skill level 5 in Poison Magic
  8496 | D:7      | Noticed a yak
  8496 | D:7      | Noticed a yak
  8508 | D:7      | Noticed a yak
  8514 | D:7      | Reached skill level 3 in Fighting
  8514 | D:7      | Reached skill level 3 in Short Blades
  8514 | D:7      | Reached skill level 4 in Air Magic
  8723 | D:7      | Found an opulent altar of Gozag.
  8731 | D:7      | Became a worshipper of Gozag Ym Sagoz the Greedy
  8791 | D:7      | Noticed a wyvern
  8821 | D:7      | Killed a wyvern
  8826 | D:7      | Reached XP level 9. HP: 29/57 MP: 3/12
  9051 | D:7      | Found a hazy altar of Hepliaklqana.
  9061 | D:7      | Found a staircase to the Ecumenical Temple.
  9096 | D:7      | Noticed a hornet
  9098 | D:7      | Reached skill level 6 in Poison Magic
  9103 | D:7      | Killed a hornet
  9104 | D:7      | Reached skill level 4 in Short Blades
  9104 | D:7      | Reached skill level 5 in Conjurations
  9104 | D:7      | Reached skill level 5 in Air Magic
  9677 | D:7      | Reached skill level 7 in Poison Magic
 10034 | D:7      | Reached skill level 6 in Conjurations
 10034 | D:7      | Reached skill level 6 in Air Magic
 10171 | D:7      | Reached skill level 8 in Poison Magic
 10348 | D:7      | Reached XP level 10. HP: 63/63 MP: 13/13
 10352 | D:7      | Learned a level 1 spell: Apportation
 10404 | D:8      | Reached skill level 5 in Fire Magic
 10524 | D:8      | Reached skill level 1 in Translocations
 10754 | D:8      | Noticed a two-headed ogre
 10759 | D:8      | Learned a level 3 spell: Tukima's Dance
 10823 | D:8      | Found a sacrificial altar of Ru.
 11292 | D:8      | Reached skill level 2 in Translocations
 11445 | D:8      | Found a staircase to the Lair.
 11499 | D:8      | Found an ornate altar of the Wu Jian Council.
 11504 | D:8      | Found a basalt altar of Yredelemnul.
 11628 | D:9      | Found a sparkling altar of Nemelex Xobeh.
 11743 | D:9      | Reached skill level 9 in Poison Magic
 11754 | D:9      | Identified the +0 cloak of Eschoren {Rampage}
 11992 | D:9      | Found a staircase to the Orcish Mines.
 11994 | D:9      | Noticed a two-headed ogre
 12265 | D:9      | Reached skill level 3 in Spellcasting
 12265 | D:9      | Reached skill level 6 in Fire Magic
 12642 | D:8      | Killed a two-headed ogre
 12643 | D:8      | Reached skill level 4 in Spellcasting
 12763 | D:9      | Killed a two-headed ogre
 12764 | D:9      | Reached skill level 7 in Fire Magic
 12764 | D:9      | Reached skill level 10 in Poison Magic
 12764 | D:9      | Reached XP level 11. HP: 67/67 MP: 3/17
 13377 | D:10     | Entered Level 10 of the Dungeon
 14068 | D:5      | Bought a ring of poison resistance for 240 gold pieces
 14110 | Lair:1   | Entered Level 1 of the Lair of Beasts
 14203 | Lair:1   | Reached skill level 7 in Stealth
 14203 | Lair:1   | Reached skill level 8 in Fire Magic
 14264 | Lair:1   | Found a frozen archway.
 14271 | Lair:1   | Learned a level 3 spell: Conjure Flame
 14304 | Lair:1   | Reached skill level 7 in Conjurations
 14323 | IceCv    | Entered an ice cave
 14338 | IceCv    | HP: 7/67 [entropy weaver simulacrum (55)]
 14339 | IceCv    | Annihilated by an entropy weaver simulacrum

Illustrated notes

Levels and vault maps discovered:
D:1:      onia_arrival_handbag, layout_basic, hex_tiny
D:2:      layout_loops_cross, basic_altar, serial_bayou_lagoon_a
D:3:      layout_basic, nicolae_overflow_hidden_temple
D:4:      nicolae_BIG_FREAKIN_CUBE, layout_cave_pools,
          gammafunk_temple_overflow_statue, serial_shops, shop,
          minmay_misc_feat_rugged, grunt_ministairs_15,
          kennysheep_generic_room_15
D:5:      layout_loops_ring, mainiacjoe_overflow_24_doors, serial_shops,
          nicolae_shop_hallway_stairs
D:6:      layout_basic, xom_teletrap_fun
D:7:      layout_basic, worldfamousw_hep_ancestral_shrine,
          lemuel_coloured_pillars_altar, minmay_temple_entry_ruins,
          minmay_misc_feat_enclosed
D:8:      layout_basic, lemuel_doored_altar, minitemple, david_lair_shrubbed
D:9:      layout_basic, mainiacjoe_overflow_chevrons, david_orc_2,
          hangedman_decor_clover_reticule
D:10:     layout_basic, mainiacjoe_overflow_surrounded_room
Lair:1:   dreamdust_cave_troll, layout_loops_ring,
          portal_ice_cave_entry_ice_simulacra
IceCv:    ice_cave_hellmonk_azure_passage

Skill      XL: |  1  2  3  4  5  6  7  8  9 10 11 |
---------------+----------------------------------+-----
Conjurations   | 2 3 4 6 7 |  7.0
Stealth        | 3 4 5 6 7 |  7.4
Poison Magic   | 1 2 3 4 5 8 10 | 10.0
Air Magic      | 1 2 3 4 6 |  6.0
Fire Magic     | 4 7 8 |  8.0
Fighting       | 1 3 |  3.5
Short Blades   | 1 3 4 |  4.5
Translocations | 2 |  2.0
Spellcasting   | 4 |  4.0
Dodging        | |  2.0

Action                   |  1- 3 |  4- 6 |  7- 9 | 10-12 || total
-------------------------+-------+-------+-------+-------++-------
Melee: Unarmed           |     2 |       |       |       ||     2
       Constrict         |     6 |     7 |     9 |    12 ||    34
       Tentacles         |     5 |     4 |    10 |    31 ||    50
       Club              |     1 |       |       |       ||     1
       Short sword       |    25 |    26 |    46 |       ||    97
       Punch             |       |     1 |     1 |       ||     2
       Dagger            |       |       |    12 |   113 ||   125
Throw: Dart              |       |       |     1 |       ||     1
       Stone             |       |       |       |     2 ||     2
 Cast: Foxfire           |    56 |    99 |   194 |    59 ||   408
       Mephitic Cloud    |       |       |     1 |    29 ||    30
       Conjure Flame     |       |       |       |     2 ||     2
  Use: Scroll            |     5 |    11 |     8 |     1 ||    25
 Stab: Sleeping          |     1 |     1 |     7 |     9 ||    18
       Distracted        |     1 |       |       |       ||     1
       Confused          |       |       |       |     3 ||     3
Armor: Skin              |     2 |     2 |     9 |    18 ||    31
Dodge: Dodged            |    13 |    16 |    36 |    34 ||    99
Block: Other             |       |       |     5 |     6 ||    11
       Reflection        |       |       |       |     1 ||     1

Table legend: (Time is in decaauts)
 A = Elapsed time spent in this place.
 B = Non-inter-level travel time spent in this place.
 C = Inter-level travel time spent in this place.
 D = Time resting spent in this place.
 E = Time spent auto-exploring this place.
 F = Levels seen in this place.
 G = Mean time per level.
                   A        B        C        D        E       F      G
               +--------+--------+--------+--------+--------+-----+--------+
         Total |  14331 |  13343 |    988 |   3216 |   7516 |  12 | 1194.2 |
       Dungeon |  14106 |  13157 |    949 |   3211 |   7516 |  10 | 1410.6 |
          Lair |    209 |    170 |     39 |      0 |      0 |   1 |  209.0 |
      Ice Cave |     15 |     15 |      0 |      5 |      0 |   1 |   15.0 |
               +--------+--------+--------+--------+--------+-----+--------+

Top non-repeatable levels by time:
     D:5: 2131 daAuts
     D:6: 2016 daAuts
     D:9: 1983 daAuts
     D:4: 1774 daAuts
     D:7: 1516 daAuts
     D:8: 1479 daAuts
     D:3: 1135 daAuts
     D:2: 1101 daAuts
     D:1: 800 daAuts
  Lair:1: 209 daAuts
    D:10: 168 daAuts
   IceCv: 15 daAuts

Table legend:
 A = Kills in this place as a percentage of kills in entire the game.
 B = Kills by you in this place as a percentage of kills by you in the entire game.
 C = Kills by friends in this place as a percentage of kills by friends in the entire game.
 D = Other kills in this place as a percentage of other kills in the entire game.
 E = Experience gained in this place as a percentage of experience gained in the entire game.
 F = Experience gained in this place divided by the number of levels of this place that you have seen.
                   A       B       C       D       E      F
               +-------+-------+-------+-------+-------+----------------------
         Total | 100.0 | 100.0 |   N/A | 100.0 | 100.0 | 947.8
       Dungeon |  97.7 |  97.6 |   N/A | 100.0 |  92.2 | 1048.2
          Lair |   2.3 |   2.4 |   N/A |   0.0 |   7.8 | 892.0
               +-------+-------+-------+-------+-------+----------------------
